 Dungeon Crawl Stone Soup version 0.29.1-15-g9cfb28693d (webtiles) character file.

Game seed: 7433226056201374129

2789 BuddhaDhamma the Severer (level 9, -1/105 HPs)
             Began as a Minotaur Berserker on Mar 24, 2023.
             Was an Elder of Trog.
             Slain by a wyvern (7 damage)
             ... on level 7 of the Dungeon.
             The game lasted 00:12:10 (7988 turns).

BuddhaDhamma the Severer (Minotaur Berserker)       Turns: 7988, Time: 00:12:11

Health: -1/105     AC: 13    Str: 26    XL:     9   Next: 43%
Magic:  8/8        EV:  5    Int:  4    God:    Trog [****..]
Gold:   420        SH:  6    Dex: 10    Spells: 8/8 levels left

rFire   . . .      SeeInvis .   w - +1 war axe (freeze)
rCold   . . .      Faith    .   e - +0 kite shield
rNeg    . . .      Spirit   .   d - +0 plate armour
rPois   .          Reflect  .   (helmet restricted)
rElec   .          Harm     .   (no cloak)
rCorr   .          Rampage  .   (no gloves)
Will    +....                   i - +1 pair of boots
Stlth   ..........              (no amulet)
HPRegen 0.27/turn               g - ring of willpower
MPRegen 0.11/turn               (no ring)

@: berserking (expiring), lethally poisoned (-1 -> -5), very quick
A: horns 2, retaliatory headbutt
a: Renounce Religion, Berserk, Trog's Hand, Brothers in Arms


You were on level 7 of the Dungeon.
You worshipped Trog.
Trog was greatly pleased with you.
You visited 1 branch of the dungeon, and saw 7 of its levels.

You collected 420 gold pieces.

Inventory:

Hand Weapons
 w - a +1 war axe of freezing (weapon)
Armour
 d - a +0 plate armour (worn)
 e - a +0 kite shield (worn)
 i - a +1 pair of boots (worn)
Jewellery
 g - a ring of willpower (left hand)
Wands
 p - a wand of light (7)
 A - a wand of charming (11)
Scrolls
 m - 6 scrolls of teleportation
 n - 2 scrolls of torment
 s - 2 scrolls of blinking
 u - a scroll of enchant armour
 v - 2 scrolls of magic mapping
 x - a scroll of identify
 y - a scroll of enchant weapon
Potions
 a - a potion of brilliance
 b - a potion of mutation {unknown}
 c - a potion of invisibility {unknown}
 f - 3 potions of resistance
 h - a potion of berserk rage {unknown}
 j - 2 potions of haste
 k - a potion of flight {unknown}
 l - 3 potions of heal wounds
 o - a potion of might {unknown}
 q - 2 potions of attraction {unknown}
 r - a potion of ambrosia {unknown}
 t - 2 potions of degeneration
 z - a potion of curing {unknown}


   Skills:
 - Level 3.6 Fighting
 + Level 15.6 Axes
 - Level 2.4 Armour
 - Level 2.1 Dodging


You had 8 spell levels left.
You didn't know any spells.
Your spell library was empty.

Dungeon Overview and Level Annotations

Branches:
Dungeon (7/15)             Temple (0/1) D:6

Altars:
Ashenzari
Nemelex Xobeh
Sif Muna
Xom
Zin

Shops:
D:1 [   D:4 [

Annotations:
D:7 1 transporter, nroviw's ghost, novice GrEE


Innate Abilities, Weirdness & Mutations

You have a pair of horns on your head.
You reflexively headbutt those who attack you in melee.


Message History

There is a transporter here.
Press: ? - help, v - describe, . - travel A transporter.
You enter the transporter and appear at another place.
The moth of wrath's fur bristles in rage as it notices you.
Nroviw's ghost gestures at you while chanting.
The stone arrow hits you!!
The moth of wrath goads the wyvern on!
The wyvern goes berserk!
A red film seems to cover your vision as you go berserk!
You feel yourself moving faster!
You feel mighty!
The wyvern bites you but does no damage.
The wyvern bites you!!
You closely miss the moth of wrath. You barely miss the wyvern.
You block the wyvern's attack. The moth of wrath bites you.
The wyvern bites you!! The wyvern bites you!
* * * LOW HITPOINT WARNING * * *
You slash nroviw's ghost! You headbutt nroviw's ghost!
Nroviw's ghost is severely damaged.
You barely miss the ice beast. You hit the wyvern. You freeze the wyvern.
The wyvern barely misses you. You furiously retaliate!
You headbutt the wyvern! You closely miss nroviw's ghost.
Your headbutt misses nroviw's ghost.
Nroviw's ghost is severely damaged.
You slash the wyvern! You freeze the wyvern. You closely miss the ice beast.
The wyvern bites you!
* * * LOW HITPOINT WARNING * * *
The wyvern barely misses you. You block nroviw's ghost's attack.
The ice beast hits you but does no damage.
You hit nroviw's ghost.
Nroviw's ghost is severely damaged.
You barely miss the ice beast. You slash the wyvern! You freeze the wyvern.
You block the wyvern's attack. Nroviw's ghost hits you.
* * * LOW HITPOINT WARNING * * *
You are poisoned.
The ice beast hits you but does no damage.
You barely miss nroviw's ghost.
Nroviw's ghost is severely damaged.
You barely miss the ice beast. You closely miss the wyvern.
You hit the black bear. You freeze the black bear.
You feel sick. The wyvern barely misses you. The wyvern bites you!
You die...

#########
#############.......######
..........#...#####......########
............###...###....#...#...
...........##......©#....#...#...
...........#..#.#...#....#...#...
...........#..#.#...#....#...#...
...........##.hY..#.##...#.###.##
.#######....#$.#@h.#.#..##.###.##
.+.....#...©#$=lW#...#..#.......#
.#.....#....#(#.y...##..#.......#
.#.....#...##.#...#.#©..'.......#
.##....#...# .#.##..##..#).....##
###....#...#.#...#..h#.##.#######
.......'...##..#....##.....#
.......#....#......##......#
.......#....##.#####...<...#


You could see a moth of wrath, 2 black bears, a wyvern (berserk), an ice beast
and nroviw's ghost.

Vanquished Creatures
  Grinder (D:3)
  A steam dragon (D:4)
  Menkaure (D:7)
  A water moccasin (D:6)
  An orc warrior (D:7)
  2 black bears
  A centaur (D:6)
  2 ogres (D:6)
  2 phantoms (D:6)
  A kobold brigand (D:7)
  6 bullfrogs
  3 necrophages
  3 scorpions
  A jelly (D:7)
  4 killer bees (D:7)
  A hound (D:5)
  3 orc priests
  An iguana (D:3)
  Ijyb (D:3)
  3 orc wizards
  Robin (D:3)
  3 gnolls (D:5)
  9 adders
  2 shadow imps (D:5)
  15 dart slugs
  21 orcs
  4 ball pythons
  5 bats
  An endoplasm (D:2)
  6 giant cockroaches
  15 goblins
  14 hobgoblins
  4 jackals
  11 kobolds
  A quokka (D:3)
  4 frilled lizards
  5 rats
160 creatures vanquished.

Notes
Turn   | Place    | Note
-------+----------+-------------------------------------------
     0 | D:1      | BuddhaDhamma the Minotaur Berserker began the quest for the
                  | Orb.
     0 | D:1      | Reached XP level 1. HP: 19/19 MP: 0/0
   211 | D:1      | Reached skill level 4 in Axes
   238 | D:1      | Found Jitak's Armour Shop.
   244 | D:1      | Reached XP level 2. HP: 24/26 MP: 1/1
   509 | D:1      | Reached skill level 5 in Axes
   570 | D:1      | Reached XP level 3. HP: 30/31 MP: 2/2
   990 | D:2      | Reached ** piety under Trog
  1363 | D:2      | Reached XP level 4. HP: 39/39 MP: 3/3
  1364 | D:2      | Reached skill level 6 in Axes
  1440 | D:2      | Reached skill level 7 in Axes
  1440 | D:2      | Reached XP level 5. HP: 17/45 MP: 4/4
  2083 | D:3      | Found a faded altar of an unknown god.
  2089 | D:3      | Noticed Grinder
  2098 | D:3      | Killed Grinder
  2099 | D:3      | Reached skill level 8 in Axes
  2099 | D:3      | Reached XP level 6. HP: 51/51 MP: 5/5
  2102 | D:3      | Reached skill level 9 in Axes
  2197 | D:3      | Noticed Robin
  2203 | D:3      | Killed Robin
  2371 | D:3      | Noticed Ijyb
  2382 | D:3      | Killed Ijyb
  2829 | D:3      | Reached *** piety under Trog
  3217 | D:4      | Found a shimmering altar of Xom.
  3349 | D:4      | Reached XP level 7. HP: 57/57 MP: 6/6
  3393 | D:4      | Reached skill level 10 in Axes
  3501 | D:4      | Found Hubywo's Antique Armour Shoppe.
  3858 | D:4      | Found a glowing silver altar of Zin.
  3956 | D:5      | Entered Level 5 of the Dungeon
  3956 | D:5      | Noticed a steam dragon
  3974 | D:4      | Killed a steam dragon
  3975 | D:4      | Reached skill level 11 in Axes
  4376 | D:5      | Identified the +0 helmet "Qavit" {Contam rElec rN+ Will+++}
  5058 | D:6      | Reached XP level 8. HP: 40/64 MP: 7/7
  5219 | D:6      | Reached skill level 12 in Axes
  5299 | D:6      | Found a staircase to the Ecumenical Temple.
  5591 | D:6      | Reached skill level 13 in Axes
  5690 | D:6      | Found a broken altar of Ashenzari.
  5778 | D:6      | Found a sparkling altar of Nemelex Xobeh.
  5896 | D:6      | Found a shimmering blue altar of Sif Muna.
  6499 | D:7      | Reached skill level 14 in Axes
  6570 | D:7      | Reached XP level 9. HP: 69/70 MP: 8/8
  6905 | D:7      | Noticed Menkaure
  6910 | D:7      | Killed Menkaure
  6950 | D:7      | Found a transporter.
  6954 | D:7      | Noticed nroviw's ghost (novice GrEE)
  6966 | D:7      | Found a transporter.
  6973 | D:7      | Noticed a moth of wrath
  7102 | D:7      | Reached skill level 15 in Axes
  7124 | D:7      | Reached **** piety under Trog
  7988 | D:7      | Slain by a wyvern

Illustrated notes

Levels and vault maps discovered:
D:1:      dpeg_arrival_lava_temple_mockup, layout_loops_ring, serial_shops, shop
D:2:      cheibrodos_pilgrimage, layout_basic, kennysheep_small_spiral,
          kennysheep_boxes
D:3:      layout_loops_ring, shapermc_ecumenical_altar_totnotflames,
          patterned_corridor, uniq_grinder, uniq_ijyb, uniq_robin
D:4:      layout_loops_cross, lemuel_tele_altar, zin_treasury, serial_shops,
          shop, minivault_27
D:5:      layout_cave_pools, minivault_4
D:6:      layout_cave_pods, nicolae_ashenzari_skybound,
          mainiacjoe_overflow_divided_tiny, minmay_temple_entry_antechambers
D:7:      kennysheep_slugbush, layout_gridville,
          gammafunk_ghost_berserking_beasts, uniq_menkaure

Skill      XL: |  1  2  3  4  5  6  7  8  9 |
---------------+----------------------------+-----
Axes           | 4 5 7 8 9 11 14 15 | 15.6
Fighting       | |  3.6
Armour         | |  2.4
Dodging        | |  2.1

Action                   |  1- 3 |  4- 6 |  7- 9 || total
-------------------------+-------+-------+-------++-------
Melee: Hand axe          |    98 |   118 |    44 ||   260
       Headbutt          |     5 |    23 |    29 ||    57
       Punch             |       |     2 |     3 ||     5
       War axe           |       |       |   162 ||   162
Invok: Berserk           |       |     2 |     4 ||     6
  Use: Scroll            |       |       |    14 ||    14
Armor: Plate armour      |    75 |    71 |   105 ||   251
       Animal skin       |     1 |       |       ||     1
Dodge: Dodged            |    33 |    47 |    59 ||   139
Block: Kite shield       |       |       |    26 ||    26
